 Dungeon Crawl Stone Soup version 0.26.0-10-g1f06aea511 (webtiles) character file.

Game seed: 358852118914474662

590 Borgoz the Slasher (level 7, -4/59 HPs)
             Began as a Ghoul Gladiator on Jan 16, 2021.
             Slain by a sky beast (5 damage)
             ... on level 4 of the Dungeon.
             The game lasted 00:05:19 (5113 turns).

Borgoz the Slasher (Ghoul Gladiator)                Turns: 5113, Time: 00:05:19

Health: -4/59      AC:  5    Str: 17 (18) XL:     7   Next: 38%
Magic:  6/6        EV: 13    Int:  2 (3)  God:
Gold:   275        SH:  0    Dex:  9 (12) Spells: 6/6 levels left

rFire    . . .     SeeInvis .   a - +0 long sword
rCold    + . .     Faith    .   (no shield)
rNeg     + + +     Spirit   .   b - +0 leather armour
rPois    ∞         Reflect  .   c - +0 helmet
rElec    .         Harm     .   (no cloak)
rCorr    .         Rampage  .   f - +0 pair of gloves
Will     .....                  (no boots)
Stlth    +.........             (no amulet)
HPRegen  0.00/turn              (no ring)
MPRegen  0.10/turn              (no ring)

@: hasted, very quick
A: claws 1, cold resistance 1, negative energy resistance 3, inhibited
regeneration, torment resistance, unbreathing
a: no special abilities


You were on level 4 of the Dungeon.
You visited 1 branch of the dungeon, and saw 5 of its levels.

You collected 275 gold pieces.

Inventory:

Hand Weapons
 a - a +0 long sword (weapon)
Missiles
 d - 2 throwing nets (quivered)
Armour
 b - a +0 leather armour (worn)
 c - a +0 helmet (worn)
 f - a +0 pair of gloves (worn)
Jewellery
 u - an uncursed ring of protection from fire {unknown}
Wands
 s - a wand of digging (3)
 w - a wand of acid (8)
 y - a wand of disintegration (18)
Scrolls
 i - a scroll of remove curse {unknown}
 m - a scroll of blinking {unknown}
 n - 4 scrolls of fear {unknown}
 o - 2 scrolls of magic mapping {unknown}
 p - a scroll of immolation {unknown}
 q - 2 scrolls of identify {unknown}
 r - 2 scrolls of enchant armour {unknown}
 v - a scroll of teleportation {unknown}
Potions
 e - a potion of mutation {unknown}
 h - a potion of cancellation
 k - a potion of degeneration
 l - a potion of might {unknown}
 t - a potion of curing {unknown}
 x - a potion of brilliance {unknown}
 z - a potion of lignification {unknown}
 A - a potion of attraction {unknown}


   Skills:
 + Level 4.2 Fighting
 * Level 5.2 Long Blades
 - Level 1.7 Throwing
 + Level 2.8 Armour
 + Level 4.0 Dodging


You had 6 spell levels left.
You didn't know any spells.
Your spell library was empty.

Dungeon Overview and Level Annotations

Branches:
Dungeon (5/15)
 Temple: D:4-7

Altars:

Annotations:
D:3 3 runed translucent doors, Arthanis's ghost, weakling DEFE


Innate Abilities, Weirdness & Mutations

You thrive by killing the living.
You are immune to poison.
You have sharp fingernails.
Your flesh is cold resistant. (rC+)
You are immune to negative energy. (rN+++)
You do not regenerate when monsters are visible.
You are immune to unholy pain and torment.
You can survive without breathing.


Message History

a +0 flail of holy wrath; a +0 ring mail; an orc corpse The phantom blinks!
The sky beast hits you but does no damage.
The sky beast flickers out of sight!
Deactivating autopickup; reactivate with Ctrl-A.
Something hits you.
* * * LOW HITPOINT WARNING * * *
Something shocks you.
* * * LOW HITPOINT WARNING * * *
A sky beast appears from thin air!
Reactivating autopickup.
The sky beast flickers out of sight!
Deactivating autopickup; reactivate with Ctrl-A.
There is a stone staircase leading up here.
Something hits you but does no damage.
You climb upwards.
Reactivating autopickup.
There is a stone staircase leading down here.
It was a potion of haste.
You feel yourself speed up. Something hits you.
You die...

..........#....#.................
..........##'########..##..####..
############..##.####..##..######
..<..............'............#
.................#............#
.................#............#
#####...####..##.####..##########
..#####'####..##.####..###.......
................@>...............
.................................
.................................
..########...###..########....###
..##...###...####'###..########..
...#...#.....+................+..
...#...#.....#.<..............#..
...#...'.....#................#..
###########'###'#####'######+##..


There were no monsters in sight!

Vanquished Creatures
  An ogre (D:5)
  A howler monkey (D:4)
  2 orc priests (D:5)
  A hound (D:4)
  Terence (D:3)
  Jessica (D:3)
  An orc wizard (D:5)
  3 worker ants
  A worker ant zombie (D:5)
  Robin (D:3)
  8 adders
  A shadow imp (D:5)
  A white imp (D:5)
  4 oozes
  3 worms
  4 dart slugs
  A leopard gecko (D:4)
  6 orcs
  A ball python (D:4)
  6 giant cockroaches
  12 goblins
  13 hobgoblins
  5 kobolds
  A quokka (D:2)
  10 bats
  6 frilled lizards
  9 rats
104 creatures vanquished.

Notes
Turn   | Place    | Note
-------+----------+-------------------------------------------
     0 | D:1      | Borgoz the Ghoul Gladiator began the quest for the Orb.
     0 | D:1      | Reached XP level 1. HP: 17/17 MP: 0/0
   178 | D:1      | Reached XP level 2. HP: 25/25 MP: 1/1
   574 | D:1      | Reached skill level 3 in Long Blades
   892 | D:1      | Reached XP level 3. HP: 19/30 MP: 2/2
  1449 | D:2      | Reached skill level 1 in Armour
  1865 | D:2      | Reached XP level 4. HP: 35/37 MP: 3/3
  2594 | D:3      | Noticed Jessica
  2594 | D:3      | Noticed Robin
  2719 | D:2      | Reached XP level 5. HP: 16/45 MP: 4/4
  2942 | D:3      | Killed Robin
  2944 | D:3      | Killed Jessica
  2945 | D:3      | Reached skill level 4 in Long Blades
  3052 | D:3      | Noticed Terence
  3065 | D:3      | Killed Terence
  3509 | D:3      | Reached XP level 6. HP: 45/51 MP: 5/5
  3580 | D:3      | Found a runed translucent gate.
  3580 | D:3      | Found a runed translucent gate.
  3580 | D:3      | Found a runed translucent gate.
  3587 | D:3      | Noticed Arthanis's ghost (weakling DEFE)
  4768 | D:5      | Entered Level 5 of the Dungeon
  4916 | D:5      | Reached skill level 5 in Long Blades
  4916 | D:5      | Reached XP level 7. HP: 59/59 MP: 6/6
  5067 | D:5      | HP: 2/59 [orc/+0 vorpal flail (1)]
  5098 | D:5      | HP: 1/59 [something (5)]
  5113 | D:4      | Slain by a sky beast

Illustrated notes

Levels and vault maps discovered:
D:1:      scummos_arrival_simple_fountains, layout_basic
D:2:      layout_basic, chequers_decorated_corner, grunt_ministairs_14
D:3:      layout_rooms, gammafunk_ghost_split, minmay_three_crescents,
          uniq_jessica, uniq_robin, uniq_terence
D:4:      layout_gridville
D:5:      layout_basic, nicolae_ru_the_path_less_chosen, lemuel_crystal_altar,
          minmay_temple_entry_enclosed_plants

Skill      XL: |  1  2  3  4  5  6  7 |
---------------+----------------------+-----
Long Blades    | 3 4 5 |  5.2
Dodging        | 3 4 |  4.0
Armour         | 1 2 |  2.8
Fighting       | 3 4 |  4.2
Throwing       | |  1.7

Action                   |  1- 3 |  4- 6 |  7- 9 || total
-------------------------+-------+-------+-------++-------
Melee: Long sword        |   110 |   245 |    43 ||   398
Throw: Throwing net      |     3 |     1 |       ||     4
Evoke: Wand              |       |     2 |       ||     2
  Use: Potion            |       |       |     5 ||     5
Armor: Leather armour    |    23 |    84 |    20 ||   127
Dodge: Dodged            |    64 |   204 |    45 ||   313
       Rpst.: Long sword |    24 |    62 |    11 ||    97
